 Dungeon Crawl Stone Soup version 0.26-a0-812-g31a745ddcd (webtiles) character file.

Game seed: 1017213627181635604

17083 kae the Destroyer (level 12, -2/81 HPs)
             Began as an Octopode Conjurer on Nov 24, 2020.
             Was a Follower of Vehumet.
             Succumbed to a swamp dragon's blast of poison
             ... on level 2 of the Lair of Beasts.
             The game lasted 00:18:47 (20558 turns).

kae the Destroyer (Octopode Conjurer)              Turns: 20558, Time: 00:18:47

Health: -2/81      AC:  5    Str:  7    XL:     12   Next: 44%
Magic:  25/34      EV: 16    Int: 30    God:    Vehumet [*.....]
Gold:   905        SH:  0    Dex: 11    Spells: 9/30 levels left

rFire    + . .     SeeInvis .   m - +3 quarterstaff (chaos)
rCold    + . .     Faith    .   (shield currently unavailable)
rNeg     . . .     Spirit   .   (helmet restricted)
rPois    .         Reflect  .   D - amulet of Sunlight {+Fly Regen+}
rElec    .         Harm     .   q - +6 ring of intelligence
rCorr    +         Rampage  .   g - ring of protection from fire
MR       .....                  r - ring of magical power
Stlth    +++++.....             h - +4 ring of protection
HPRegen  0.63/turn              A - ring of flight
MPRegen  0.24/turn              C - ring of protection from cold
                                F - ring of resist corrosion
                                (no ring)

@: lethally poisoned (-2 -> -63)
A: almost no armour, stealthy swim, amphibious, 8 rings, constrict 8, camouflage
1, gelatinous body 1
a: Renounce Religion, Evoke Flight


You were on level 2 of the Lair of Beasts.
You worshipped Vehumet.
Vehumet was aware of your devotion.
You visited 2 branches of the dungeon, and saw 14 of its levels.

You collected 905 gold pieces.

Inventory:

Hand Weapons
 m - a +3 quarterstaff of chaos (weapon)
Jewellery
 g - a ring of protection from fire (right tentacle)
 h - a +4 ring of protection (on tentacle)
 q - a +6 ring of intelligence (left tentacle)
 r - a ring of magical power (on tentacle)
 A - a ring of flight (on tentacle)
 C - a ring of protection from cold (on tentacle)
 D - the amulet of Sunlight (around mantle) {+Fly Regen+}
   (You found it on level 9 of the Dungeon)

   [amulet of regeneration]

   It lets you fly.
   It increases your rate of regeneration.
 F - a ring of resist corrosion (on tentacle)
 G - an uncursed amulet of faith
 H - an uncursed amulet of the acrobat {unknown}
 I - an uncursed ring of stealth {unknown}
Wands
 w - a wand of acid (16)
 x - a wand of paralysis (10)
 y - a wand of disintegration (15)
 z - a wand of digging (9)
 B - a wand of iceblast (13)
Scrolls
 b - 2 scrolls of enchant armour
 e - 2 scrolls of enchant weapon
 f - 11 scrolls of remove curse
 p - 5 scrolls of amnesia
 t - a scroll of teleportation
 u - 2 scrolls of fog
 E - 5 scrolls of identify
Potions
 a - 4 potions of brilliance
 c - 4 potions of flight
 d - a potion of resistance
 i - 3 potions of attraction
 j - 6 potions of curing
 k - a potion of heal wounds
 l - a potion of invisibility
 n - 5 potions of haste
 o - a potion of mutation
 s - 2 potions of might
 v - 4 potions of berserk rage


   Skills:
 + Level 7.2 Fighting
 + Level 7.7 Dodging
 + Level 10.7 Stealth
 * Level 9.8 Spellcasting
 * Level 11.0 Conjurations
 * Level 5.2 Hexes


You had 9 spell levels left.
You knew the following spells:

 Your Spells              Type           Power        Failure   Level
a - Magic Dart            Conj           ####         1%          1
b - Searing Ray           Conj           ######       1%          2
c - Dazzling Flash        Conj/Hex       ######       1%          3
d - Fulminant Prism       Conj/Hex       ######....   1%          4
e - Iskenderun's Mystic   Conj/Tloc      #####...     3%          4
f - Tukima's Dance        Hex            #####...     1%          3
g - Cause Fear            Hex            #####.....   4%          4

Your spell library contained the following spells:

 Spells                   Type           Power        Failure   Level
 Sandblast                Erth           ##....       3%          1
 Corona                   Hex            #####..      1%          1
 Ensorcelled Hibernation  Hex/Ice        ####..       1%          2
 Slow                     Hex            #####...     1%          2
 Confusing Touch          Hex            #####...     1%          3
 Animate Skeleton         Necr           ##....       3%          1
 Pain                     Necr           ##..         3%          1
 Inner Flame              Hex/Fire       ####....     3%          3
 Portal Projectile        Hex/Tloc       ####..       3%          3
 Gell's Gravitas          Tloc           ##........   11%         3
 Vampiric Draining        Necr           ##........   11%         3
 Leda's Liquefaction      Hex/Erth       ####......   12%         4
 Animate Dead             Necr           ##........   34%         4
 Petrify                  Tmut/Erth      ##......     34%         4
 Metabolic Englaciation   Hex/Ice        ####......   34%         5
 Silence                  Hex/Air        ####......   34%         5
 Yara's Violent Unravell  Hex/Tmut       ####......   34%         5
 Agony                    Necr           ##......     69%         5
 Discord                  Hex            #####.....   100%        8


Dungeon Overview and Level Annotations

Branches:
Dungeon (12/15)            Temple (0/1) D:7            Lair (2/6) D:10
  Swamp: Lair:2-4    Shoals: Lair:2-4     Snake: Lair:2-4    Spider: Lair:2-4
    Orc: D:9-12

Altars:
Ashenzari
Qazlal
Trog
Vehumet
Zin
The Shining One


Innate Abilities, Weirdness & Mutations

You cannot wear most types of armour.
You are very stealthy in the water. (Stealth+)
You are amphibious.
You can wear up to eight rings at the same time.
You can use your tentacles to constrict eight enemies at once.
Your skin changes colour to match your surroundings (Stealth+).
Your rubbery body absorbs attacks. (AC +1, EV +1)


Message History

The swamp dragon is heavily wounded. (Press . to maintain the ray.)
You are engulfed in poison gas.
You are more poisoned.
You feel very sick. The swamp dragon bites you!
The swamp dragon claws you but does no damage.
The swamp dragon barely misses you.
The searing ray hits the swamp dragon!
The swamp dragon is severely wounded.
You are engulfed in poison gas.
You are more poisoned.
* * * LOW HITPOINT WARNING * * *
x2 You feel very sick.
The swamp dragon breathes poison at you.
The blast of poison engulfs you!
You are more poisoned.
* * * LOW HITPOINT WARNING * * *
The searing ray hits the swamp dragon!
The swamp dragon is severely wounded.
You die...

.(... #..°°°.....##..... .....#
#...○°........⌠... #.....#
#..#P.......#..... .....##
#..###....#.....⌠. ......#
###..#.#..#......... ......##
#.....#.#......##... .......#
#☼.☼........## ......P#
#D☼☼.<....### ......########
#@○#...####.## .........#.#.#
#○○#..###.#..##
........≈....###○☼☼........#.#
......†.≈≈..................##
.......≈.≈≈........###......#
.......≈..≈...#.#..P###....## #
.....≈≈≈..≈≈....#..## #.....## ##
....÷.....(≈..#.P..####......###.
........≈..≈###.....##........#..


You could see a swamp dragon (catching breath).

Vanquished Creatures
  Harold (D:9)
  3 hydras
  2 two-headed ogres
  An orb spider (shapeshifter) (D:5)
  A manticore (D:11)
  An oklob plant (Lair:1)
  A centaur zombie (D:11)
  A guardian serpent (D:9)
  Joseph (D:7)
  A gargoyle (D:5)
  2 black mambas (Lair:2)
  5 cane toads
  2 komodo dragons
  A hornet (D:11)
  4 blink frogs
  A polar bear (Lair:2)
  Prince Ribbit (D:7)
  A basilisk (Lair:1)
  3 wyverns
  A steam dragon (D:8)
  Menkaure (D:4)
  6 water moccasins
  Duvessa (D:5)
  3 sky beasts
  A black bear (D:6)
  3 orc warriors
  6 ogres
  3 phantoms
  A necrophage (D:7)
  4 centaurs
  3 big kobolds
  6 bullfrogs
  6 scorpions
  Dowan (D:5)
  6 killer bees
  8 wights (D:9)
  3 howler monkeys
  A bullfrog zombie (D:5)
  6 hounds
  4 orc priests
  Crazy Yiuf (D:2)
  2 bullfrog skeletons
  A centaur skeleton (D:5)
  5 iguanas
  11 worker ants
  13 orc wizards
  A statue (D:6)
  A hound zombie (D:4)
  A hound skeleton (D:10)
  A howler monkey zombie (D:5)
  Robin (D:2)
  9 gnolls
  A howler monkey skeleton (D:7)
  14 adders
  2 shadow imps (D:7)
  A white imp (D:6)
  8 oozes
  2 adder skeletons (D:4)
  An adder zombie (D:5)
  3 worms
  A dart slug (D:1)
  4 leopard geckos
  45 orcs
  20 bats
  7 giant cockroaches
  13 goblins
  15 hobgoblins
  15 jackals
  7 quokkas
  A ball python (D:5)
  3 frilled lizards
  A jackal skeleton (D:5)
  19 kobolds
  A quokka skeleton (D:6)
  A quokka zombie (D:8)
  8 rats
  6 fulminant prisms (Lair:1)
353 creatures vanquished.

Vanquished Creatures (others)
  7 fulminant prisms
  8 fungi
  11 plants
26 creatures vanquished.

Grand Total: 379 creatures vanquished

Notes
Turn   | Place    | Note
-------+----------+-------------------------------------------
     0 | D:1      | kae the Octopode Conjurer began the quest for the Orb.
     0 | D:1      | Reached XP level 1. HP: 11/11 MP: 3/3
   138 | D:1      | Reached XP level 2. HP: 14/17 MP: 1/5
   801 | D:1      | Reached XP level 3. HP: 22/22 MP: 3/6
   929 | D:1      | Learned a level 2 spell: Searing Ray
   933 | D:1      | Learned a level 3 spell: Dazzling Flash
  1430 | D:2      | Reached skill level 1 in Fighting
  1550 | D:2      | Reached XP level 4. HP: 28/28 MP: 0/8
  1883 | D:2      | Noticed Robin
  1902 | D:2      | Killed Robin
  2474 | D:2      | Reached XP level 5. HP: 24/33 MP: 0/9
  2590 | D:2      | Found a runed translucent door.
  2591 | D:2      | Noticed Crazy Yiuf
  3359 | D:2      | Killed Crazy Yiuf
  4041 | D:3      | Reached skill level 5 in Conjurations
  4061 | D:3      | Reached XP level 6. HP: 39/39 MP: 6/10
  5267 | D:4      | Noticed Menkaure
  5275 | D:4      | Killed Menkaure
  5275 | D:4      | Reached XP level 7. HP: 25/45 MP: 9/12
  5474 | D:4      | Reached skill level 5 in Stealth
  6104 | D:4      | Found a stormy altar of Qazlal.
  6299 | D:5      | Entered Level 5 of the Dungeon
  6307 | D:5      | Learned a level 4 spell: Fulminant Prism
  6312 | D:5      | Learned a level 4 spell: Iskenderun's Mystic Blast
  6348 | D:5      | Reached skill level 6 in Conjurations
  6925 | D:5      | Found a bloodstained altar of Trog.
  6940 | D:5      | Reached XP level 8. HP: 42/52 MP: 14/14
  7227 | D:5      | You fall into a shaft and drop 1 floor!
  7967 | D:6      | Reached skill level 5 in Spellcasting
  8142 | D:5      | Noticed Duvessa
  8143 | D:5      | Noticed Dowan
  8254 | D:5      | Killed Dowan
  8258 | D:5      | Killed Duvessa
  8672 | D:5      | Reached skill level 7 in Conjurations
  8741 | D:5      | Reached XP level 9. HP: 58/58 MP: 17/17
  8787 | D:5      | Noticed an orb spider
  8787 | D:5      | a shapeshifter changed into an orb spider
  8795 | D:5      | Killed an orb spider
  8989 | D:5      | Reached skill level 5 in Dodging
  9377 | D:5      | Noticed a gargoyle
  9500 | D:6      | Found a radiant altar of Vehumet.
 10005 | D:6      | Reached skill level 8 in Conjurations
 10207 | D:7      | Noticed Joseph
 10839 | D:7      | Found a staircase to the Ecumenical Temple.
 10853 | D:7      | Noticed Prince Ribbit
 10857 | D:7      | Killed Prince Ribbit
 10946 | D:7      | Killed Joseph
 10946 | D:7      | Reached skill level 5 in Fighting
 10946 | D:7      | Reached XP level 10. HP: 11/66 MP: 10/20
 12750 | D:8      | Found a broken altar of Ashenzari.
 12781 | D:8      | Reached skill level 9 in Conjurations
 13320 | D:9      | Noticed a guardian serpent
 13329 | D:9      | Killed a guardian serpent
 13673 | D:9      | Got a vibrating tin amulet
 13740 | D:9      | Found a glowing silver altar of Zin.
 13850 | D:9      | Noticed a two-headed ogre
 13857 | D:9      | Killed a two-headed ogre
 14447 | D:9      | Noticed Harold
 14457 | D:9      | Reached XP level 11. HP: 57/72 MP: 23/23
 14645 | D:9      | Found a glowing golden altar of the Shining One.
 15479 | D:6      | Became a worshipper of Vehumet
 15615 | D:9      | Learned a level 3 spell: Tukima's Dance
 15625 | D:9      | Killed Harold
 15625 | D:9      | Reached skill level 1 in Hexes
 15767 | D:10     | Entered Level 10 of the Dungeon
 16325 | D:10     | Found a staircase to the Lair.
 16371 | D:10     | Reached skill level 10 in Conjurations
 16532 | D:11     | Identified the amulet of Sunlight {+Fly Regen+} (You found
                  | it on level 9 of the Dungeon)
 16558 | D:11     | Noticed a two-headed ogre
 16578 | D:11     | Killed a two-headed ogre
 16678 | D:11     | Reached * piety under Vehumet
 16678 | D:11     | Offered knowledge of Sandblast by Vehumet.
 16998 | D:11     | Noticed a seven-headed hydra
 17008 | D:11     | Killed a seven-headed hydra
 17199 | D:11     | Reached skill level 10 in Stealth
 17322 | D:11     | Noticed a manticore
 17333 | D:11     | Killed a manticore
 17907 | D:12     | Noticed a boulder beetle
 17933 | Lair:1   | Entered Level 1 of the Lair of Beasts
 17939 | Lair:1   | Learned a level 4 spell: Cause Fear
 18095 | Lair:1   | Noticed an oklob plant
 18207 | Lair:1   | Noticed a five-headed hydra
 18221 | Lair:1   | Killed a five-headed hydra
 18771 | Lair:1   | Reached XP level 12. HP: 47/80 MP: 21/25
 19807 | Lair:2   | Noticed a four-headed hydra
 19817 | Lair:2   | Killed a four-headed hydra
 20222 | Lair:2   | Reached skill level 5 in Hexes
 20332 | Lair:2   | Reached skill level 11 in Conjurations
 20557 | Lair:2   | HP: 3/81 [swamp dragon/blast of poison (12)]
 20558 | Lair:2   | Succumbed to a swamp dragon's blast of poison

Illustrated notes

Levels and vault maps discovered:
D:1:      zaba_arrival_water, layout_loops_ring
D:2:      layout_basic, cheibrodos_gnoll_hut, uniq_crazy_yiuf_cottage,
          uniq_robin
D:3:      layout_basic, minmay_randomly_rotated_circles
D:4:      layout_loops_ring, nicolae_overflow_crystal_walls, uniq_menkaure
D:5:      kennysheep_windowed_halls, layout_loops_cross, lemuel_doored_altar,
          minmay_chambers_of_fives, uniq_duvessa
D:6:      layout_loops_cross, vehumet_statue, chequers_serial_rivers_micro_a,
          kennysheep_small_square
D:7:      layout_basic, minmay_temple_entry_ruins, grunt_ministairs_5,
          uniq_joseph, uniq_prince_ribbit1
D:8:      layout_cave_pods, ashenzari_altar_1, hangedman_abyss_or_decor_slice
D:9:      layout_roguey, nicolae_tso_swordbearing_angel, lemuel_round_altar,
          nrook_guardian_serpent_double, uniq_harold
D:10:     layout_roguey, lair_entry_dummy
D:11:     layout_long_grid
D:12:     layout_irregular_city, david_orc_4, gammafunk_ghost_fury_of_okawaru,
          drop_trap
Lair:1:   layout_cave_pods, lemuel_fruit_tree, minmay_lair_oklob_chamber,
          lemuel_fruit_fields
Lair:2:   layout_gridlike, minmay_swamp_entry_reptiles,
          portal_ice_cave_entry_pillars_1, st_stairs_7,
          cheibrodos_lair_caveside_slide, roderic_batcave,
          chequers_serial_rivers_small_b, beast_lair_carwin_9,
          grunt_megastairs_4

Skill      XL: |  1  2  3  4  5  6  7  8  9 10 11 12 |
---------------+-------------------------------------+-----
Stealth        | 3 4 5 6 8 9 10 | 10.7
Fighting       | 1 2 3 4 5 6 7 |  7.2
Spellcasting   | 3 4 5 7 8 9 |  9.8
Dodging        | 3 4 5 6 7 |  7.7
Conjurations   | 5 6 7 8 9 10 11 | 11.0
Hexes          | 4 5 |  5.2

Action                   |  1- 3 |  4- 6 |  7- 9 | 10-12 || total
-------------------------+-------+-------+-------+-------++-------
Melee: Unarmed           |    30 |    54 |       |       ||    84
       Constrict         |     8 |    21 |    13 |     3 ||    45
       Tentacles         |     2 |     8 |     6 |       ||    16
       Quarterstaff      |       |    27 |    46 |    16 ||    89
 Cast: Magic Dart        |    64 |   137 |   209 |   303 ||   713
       Searing Ray       |       |     5 |    38 |    88 ||   131
       Fulminant Prism   |       |       |     4 |     9 ||    13
       Iskenderun's Myst |       |       |       |    25 ||    25
  Use: Scroll            |     5 |     7 |     6 |     7 ||    25
       Potion            |       |       |     1 |     2 ||     3
 Stab: Sleeping          |     1 |     1 |     2 |       ||     4
Armor: Skin              |     5 |     7 |     5 |    29 ||    46
Dodge: Dodged            |    33 |    71 |    82 |   154 ||   340

Table legend: (Time is in decaauts)
 A = Elapsed time spent in this place.
 B = Non-inter-level travel time spent in this place.
 C = Inter-level travel time spent in this place.
 D = Time resting spent in this place.
 E = Time spent auto-exploring this place.
 F = Levels seen in this place.
 G = Mean time per level.
                   A        B        C        D        E       F      G
               +--------+--------+--------+--------+--------+-----+--------+
         Total |  20599 |  19580 |   1019 |   2253 |  15088 |  14 | 1471.4 |
       Dungeon |  17979 |  17194 |    785 |   2021 |  13249 |  12 | 1498.2 |
          Lair |   2620 |   2387 |    233 |    232 |   1838 |   2 | 1310.0 |
               +--------+--------+--------+--------+--------+-----+--------+

Top non-repeatable levels by time:
     D:5: 2839 daAuts
     D:2: 2184 daAuts
  Lair:1: 1915 daAuts
     D:9: 1907 daAuts
     D:7: 1882 daAuts
     D:4: 1601 daAuts
     D:6: 1445 daAuts
    D:11: 1401 daAuts
     D:8: 1337 daAuts
     D:3: 1325 daAuts
     D:1: 1275 daAuts
    D:10: 777 daAuts
  Lair:2: 705 daAuts
    D:12: 1 daAuts
